 Dungeon Crawl Stone Soup version 0.30-a0-711-gf4ac18a38d (webtiles) character file.

Game seed: 3336064104028964378

277 wormed the Firebug (level 6, -4/44 HPs)
             Began as a Demonspawn Fire Elementalist on Jan 22, 2023.
             Killed by divine providence
             ... invoked by an orc priest
              (14 damage)
             ... on level 4 of the Dungeon.
             The game lasted 00:04:29 (3137 turns).

wormed the Firebug (Demonspawn Fire Elementalist)   Turns: 3137, Time: 00:04:30

Health: -4/44      AC:  3    Str:  8    XL:     6   Next: 4%
Magic:  0/10       EV: 12    Int: 19    God:
Gold:   157        SH:  0    Dex: 13    Spells: 4/10 levels left

rFire   . . .      SeeInvis .    c - +0 dagger
rCold   + . .      Faith    .    (no shield)
rNeg    . . .      Spirit   +    o - +0 leather armour
rPois   .          Reflect  .    (helmet restricted)
rElec   .          Harm     .    (no cloak)
rCorr   .          Rampage  .    (no gloves)
Will    +....                    (no boots)
Stlth   ++                       f - amulet of guardian spirit
HPRegen 0.27/turn                d - ring of willpower
MPRegen 0.12/turn                h - ring of protection from cold

@: very slightly contaminated
A: claws 2, hooves 1, horns 2
a: no special abilities


You were on level 4 of the Dungeon.
You visited 1 branch of the dungeon, and saw 5 of its levels.

You collected 157 gold pieces.

Inventory:

Hand Weapons
 c - a +0 dagger (weapon)
Armour
 a - a +0 robe
 o - a +0 leather armour (worn)
Jewellery
 d - a ring of willpower (left claw)
 f - an amulet of guardian spirit (around neck)
 h - a ring of protection from cold (right claw)
 j - an amulet of the acrobat
Wands
 k - a wand of flame (10) (quivered)
Scrolls
 b - a scroll of immolation {unknown}
 l - 3 scrolls of identify {unknown}
 m - a scroll of magic mapping {unknown}
 n - a scroll of fear {unknown}
 p - 2 scrolls of enchant armour {unknown}
 q - a scroll of vulnerability {unknown}
Potions
 e - 2 potions of berserk rage {unknown}
 g - 3 potions of lignification {unknown}
 i - 4 potions of curing {unknown}


   Skills:
 + Level 2.2 Fighting
 + Level 2.8 Dodging
 + Level 3.0 Stealth
 + Level 2.8 Spellcasting
 + Level 2.4 Conjurations
 + Level 3.6 Fire Magic


You had 4 spell levels left.
You knew the following spells:

 Your Spells              Type           Power      Damage    Failure   Level
a - Foxfire               Conj/Fire      56%        2x1d6     7%          1
b - Scorch                Fire           32%        2d7       8%          2
c - Inner Flame           Hex/Fire       9%         N/A       32%         3

Your spell library contained the following spells:

 Spells                   Type           Power      Damage    Failure   Level
 Kindle Blastsparks       Fire/Tloc/Air  14%        2d11      38%         3
 Flame Wave               Conj/Fire      14%        2d6       54%         4
 Ozocubu's Armour         Ice            2%         N/A       56%         3
 Portal Projectile        Hex/Tloc       4%         N/A       56%         3
 Summon Guardian Golem    Hex/Summ       2%         N/A       56%         3
 Tukima's Dance           Hex            2%         N/A       56%         3
 Blade Hands              Tmut           1%         N/A       99%         5
 Orb of Destruction       Conj           5%         9d5       100%        7
 Ozocubu's Refrigeration  Ice            1%         4d7       100%        7
 Spellforged Servitor     Conj/Summ      3%         N/A       100%        7


Dungeon Overview and Level Annotations

Branches:
Dungeon (5/15)
 Temple: D:4-7

Altars:
Okawaru

Shops:
D:4 *

Annotations:
D:3 3 runed translucent doors, Dittersdorf's ghost, amateur GrFi
D:4 2 transporters, Ijyb


Innate Abilities, Weirdness & Mutations

You have very sharp fingernails.
You have large cloven feet.
You have a pair of horns on your head.


Message History

The orc priest begins to cast a cantrip, but forgets the words!
There is a stone staircase leading down here.
An orc priest is nearby!
An orc priest is nearby!
Casting: Scorch (safe; 8% risk of failure)
Confirm with . or Enter, or press ? or * to list all spells.
You conjure some foxfire!
Casting: Foxfire (safe; 7% risk of failure)
Confirm with . or Enter, or press ? or * to list all spells.
You miscast Scorch.
You are very lightly contaminated with residual magic.
Nothing appears to happen.
The foxfire hits the orc priest but does no damage. x2
Casting: Scorch (safe; 8% risk of failure)
Confirm with . or Enter, or press ? or * to list all spells.
You don't have enough magic to cast this spell.
Casting: Scorch (safe; 8% risk of failure)
Confirm with . or Enter, or press ? or * to list all spells.
You don't have enough magic to cast this spell.
Casting: Scorch (safe; 8% risk of failure)
Confirm with . or Enter, or press ? or * to list all spells.
You don't have enough magic to cast this spell.
Casting: Scorch (safe; 8% risk of failure)
Confirm with . or Enter, or press ? or * to list all spells.
You don't have enough magic to cast this spell.
The orc priest looks encouraged for a moment.
You hit the orc priest. Your headbutt misses the orc priest.
The orc priest is moderately wounded.
The orc priest hits you with a +0 whip.
* * * LOW HITPOINT WARNING * * *
The orc shouts!
You hit the orc priest. Your kick misses the orc priest.
The orc priest is moderately wounded.
The orc priest closely misses you.
Casting: Scorch (safe; 8% risk of failure)
Confirm with . or Enter, or press ? or * to list all spells.
You conjure some foxfire!
The orc priest calls down the wrath of Beogh upon you.
Beogh smites you!
You die...

#+####...##.#........#
./..P#..###.####.#..##
[©.P8#...##.##...########
######...#..##..######..##
.©o.o.......##...##......##
.......##..##.............##
.......###.................#
###...###........v.........#
......##........@v.........##
......o..##....o............###
..........#..$................##
..##...........................#
..##.......##..................#
...#..##..###..................##
......##.###..o.................#
.#..........o.....)...#.........#
.###...#........###...#.......###


You could see an orc priest (ally target) and 2 orcs.

Vanquished Creatures
  A scorpion (D:4)
  A howler monkey (D:5)
  An iguana (D:5)
  An orc wizard (D:4)
  A gnoll (D:5)
  5 adders
  2 worms
  2 dart slugs (D:1)
  2 orcs (D:5)
  5 ball pythons
  8 endoplasms
  4 giant cockroaches
  6 goblins
  4 hobgoblins
  5 jackals (D:3)
  4 kobolds
  3 quokkas
  5 bats
  4 frilled lizards
  4 rats
68 creatures vanquished.

Vanquished Creatures (others)
  37 foxfires
37 creatures vanquished.

Grand Total: 105 creatures vanquished

Notes
Turn   | Place    | Note
-------+----------+-------------------------------------------
     0 | D:1      | wormed the Demonspawn Fire Elementalist began the quest for
                  | the Orb.
     0 | D:1      | Reached XP level 1. HP: 13/13 MP: 3/3
    91 | D:1      | Found a faded altar of an unknown god.
   158 | D:1      | Discovered your monstrous ancestry.
   158 | D:1      | Gained mutation: You have a pair of small horns on your
                  | head. [demonic ancestry]
   158 | D:1      | Reached XP level 2. HP: 19/19 MP: 5/5
   547 | D:1      | Learned a level 2 spell: Scorch
   650 | D:2      | Gained mutation: You have sharp fingernails. [demonic
                  | ancestry]
   650 | D:2      | Reached XP level 3. HP: 25/25 MP: 1/6
  1229 | D:3      | Found a runed translucent gate.
  1229 | D:3      | Found a runed translucent gate.
  1229 | D:3      | Noticed Dittersdorf's ghost (amateur GrFi)
  1361 | D:3      | Reached skill level 1 in Fighting
  1593 | D:3      | Gained mutation: You have a pair of horns on your head.
                  | [demonic ancestry]
  1593 | D:3      | Reached XP level 4. HP: 21/32 MP: 1/7
  1947 | D:3      | Found a runed translucent gate.
  2030 | D:3      | Found an iron altar of Okawaru.
  2488 | D:4      | Found Zin's Purification Station.
  2512 | D:4      | Noticed Ijyb
  2516 | D:4      | Noticed a scorpion
  2729 | D:4      | Learned a level 3 spell: Inner Flame
  2740 | D:4      | Killed a scorpion
  2741 | D:4      | Gained mutation: You have large cloven feet. [demonic
                  | ancestry]
  2741 | D:4      | Reached XP level 5. HP: 38/38 MP: 0/8
  2854 | D:4      | Found a transporter.
  2865 | D:4      | Found a transporter.
  2910 | D:5      | Entered Level 5 of the Dungeon
  3077 | D:5      | Identified the +0 ring mail of Bitterness {Fly rElec Dex+3}
  3081 | D:5      | Gained mutation: You have very sharp fingernails. [demonic
                  | ancestry]
  3081 | D:5      | Reached XP level 6. HP: 41/44 MP: 5/10
  3137 | D:4      | Killed from afar by an orc priest

Illustrated notes

Levels and vault maps discovered:
D:1:      grunt_arrival_lava_bath, layout_rooms,
          ebering_ecumenical_altar_sacrificial
D:2:      layout_rooms
D:3:      layout_basic, hellmonk_okawaru_the_only_friend_you_need,
          gammafunk_ghost_split, minmay_vboxes
D:4:      gammafunk_wand_slinger, layout_cave_pools, kennysheep_mini,
          zin_purify, uniq_ijyb, uniq_natasha
D:5:      layout_loops_ring

Skill      XL: |  1  2  3  4  5 |
---------------+----------------+-----
Stealth        | 2 3 |  3.0
Dodging        | 2 |  2.8
Fire Magic     | 3 |  3.6
Fighting       | 1 2 |  2.2
Conjurations   | 2 |  2.4
Spellcasting   | |  2.8

Action                     |  1- 3 |  4- 6 || total
---------------------------+-------+-------++-------
  Melee: Dagger            |    92 |    70 ||   162
         Unarmed           |     2 |       ||     2
         Headbutt          |    17 |    10 ||    27
         Kick              |       |     8 ||     8
   Cast: Foxfire           |    13 |    12 ||    25
         Scorch            |    16 |    13 ||    29
         Inner Flame       |       |     2 ||     2
  Evoke: Wand              |       |     3 ||     3
    Use: Potion            |     1 |       ||     1
   Stab: Sleeping          |     2 |       ||     2
         Distracted        |       |     1 ||     1
 Armour: Robe              |    17 |       ||    17
         Leather armour    |    17 |    17 ||    34
  Dodge: Dodged            |    98 |    45 ||   143

Table legend: (Time is in decaauts)
 A = Elapsed time spent in this place.
 B = Non-inter-level travel time spent in this place.
 C = Inter-level travel time spent in this place.
 D = Time resting spent in this place.
 E = Time spent auto-exploring this place.
 F = Levels seen in this place.
 G = Mean time per level.
                   A        B        C        D        E       F      G
               +--------+--------+--------+--------+--------+-----+--------+
         Total |   3136 |   3042 |     94 |      0 |   2374 |   5 |  627.2 |
       Dungeon |   3136 |   3042 |     94 |      0 |   2374 |   5 |  627.2 |
               +--------+--------+--------+--------+--------+-----+--------+

Top non-repeatable levels by time:
     D:3: 1378 daAuts
     D:2: 600 daAuts
     D:1: 569 daAuts
     D:4: 367 daAuts
     D:5: 220 daAuts
